 Dungeon Crawl Stone Soup version 0.24-a0-284-g9fb9971 (webtiles) character file.

Game seed: 9040336879777469276

916 MisterFreud the Slasher (level 8, -1/54 HPs)
             Began as an Octopode Fighter on May 4, 2019.
             Slain by an ice beast (9 damage)
             ... on level 4 of the Dungeon.
             The game lasted 00:08:49 (4845 turns).

MisterFreud the Slasher (Octopode Fighter)          Turns: 4845, Time: 00:08:49

Health: -1/54      AC:  1    Str: 15    XL:     8   Next: 9%
Magic:  8/8        EV: 13    Int: 13    God:
Gold:   53         SH:  8    Dex: 11    Spells: 7/7 levels left

rFire    . . .     SeeInvis .   a - +1 long sword
rCold    . . .     Gourm    .   c - +0 shield
rNeg     . . .     Faith    .   (helmet restricted)
rPois    .         Spirit   .   (no amulet)
rElec    .         Reflect  .   (no ring)
rCorr    .         Harm     .   (no ring)
MR       .....                  (no ring)
Stlth    ++........             (no ring)
HPRegen  0.18/turn              (no ring)
MPRegen  0.11/turn              (no ring)
                                (no ring)
                                (no ring)

@: no status effects
A: almost no armour, stealthy swim, amphibious, 8 rings, constrict 8, camouflage
1, gelatinous body 1
a: no special abilities


You were on level 4 of the Dungeon.
You were not hungry.

You visited 1 branch of the dungeon, and saw 5 of its levels.
You also visited: Sewer.

You collected 213 gold pieces.
You spent 160 gold pieces at shops.

Inventory:

Hand Weapons
 a - a +1 long sword (weapon)
Missiles
 e - 135 stones (quivered)
 g - 22 bolts
 j - 11 tomahawks
 k - 46 arrows
 x - 19 poisoned needles
Armour
 b - a +0 shield
 c - a +0 shield (worn)
 p - a +0 large shield
Wands
 m - a wand of random effects (10)
Scrolls
 f - 3 scrolls of enchant weapon
 s - a scroll of identify
 t - a scroll of magic mapping
 v - a scroll of teleportation
 w - 3 scrolls of blinking
 y - 4 scrolls of remove curse
 B - a scroll of fear
Potions
 h - 6 potions of curing
 i - a potion of agility {unknown}
 l - a potion of degeneration {unknown}
 n - a potion of haste {unknown}
 o - 3 potions of heal wounds {unknown}
 q - a potion of brilliance {unknown}
 r - 3 potions of flight
 u - 2 potions of might
 z - 2 potions of berserk rage {unknown}
Comestibles
 d - 7 rations
 A - 7 chunks of flesh


   Skills:
 + Level 4.2 Fighting
 + Level 6.8 Long Blades
 - Level 6.1 Dodging
 - Level 3.0 Shields


You had 7 spell levels left.
You didn't know any spells.
Your spell library was empty.

Dungeon Overview and Level Annotations

Branches:
Dungeon (5/15)
 Temple: D:4-7

Altars:
Ashenzari
Elyvilon
Hepliaklqana
Nemelex Xobeh
Okawaru
Ru
Sif Muna
Trog
Uskayaw
Wu Jian

Shops:
D:4 *}


Innate Abilities, Weirdness & Mutations

You cannot wear most types of armour.
You are very stealthy in the water. (Stealth+)
You are amphibious.
You can wear up to eight rings at the same time.
You can use your tentacles to constrict eight enemies at once.
Your skin changes colour to match your surroundings (Stealth+).
Your rubbery body absorbs attacks. (AC +1, EV +1)


Message History

You closely miss the ice beast.
The ice beast is heavily wounded.
The ice beast misses you.
Unknown command.
Okay, then.
You see here a glowing short sword.
The ice beast seems less drained.
You see here a leather armour.
There is a stone staircase leading up here.
You closely miss the ice beast.
The ice beast is moderately wounded.
The ice beast hits you. The ice beast freezes you!
* * * LOW HITPOINT WARNING * * *
You closely miss the ice beast.
The ice beast is moderately wounded.
You block the ice beast's attack. The ice beast hits you.
* * * LOW HITPOINT WARNING * * *
The ice beast freezes you!
You die...

##...# ...
#....# #....#
#.##.# #.##.#
#.##.########
#............
####.########
#@# #Y#####
#.....#
#####.# #.#
#<# #.# #.#
#.#


You could see an ice beast.

Vanquished Creatures
  2 ogres (D:4)
  3 big kobolds (Sewer)
  2 scorpions
  A howler monkey (D:5)
  A hound (D:4)
  Terence (D:2)
  An orc wizard (D:5)
  A worker ant (D:5)
  Robin (D:3)
  12 adders
  3 gnolls (D:4)
  2 river rats (Sewer)
  3 oozes
  4 worms
  A dart slug (D:1)
  11 orcs
  6 ball pythons
  6 bats
  5 giant cockroaches
  10 goblins
  10 hobgoblins
  10 jackals
  9 kobolds
  A quokka (D:2)
  4 frilled lizards
  6 rats
116 creatures vanquished.

Vanquished Creatures (others)
  A goblin (D:2)
  A kobold (D:2)
2 creatures vanquished.

Grand Total: 118 creatures vanquished

Notes
Turn   | Place    | Note
-------+----------+-------------------------------------------
     0 | D:1      | MisterFreud the Octopode Fighter began the quest for the
                  | Orb.
     0 | D:1      | Reached XP level 1. HP: 16/16 MP: 1/1
    29 | D:1      | Reached XP level 2. HP: 6/21 MP: 2/2
   611 | D:1      | Reached XP level 3. HP: 26/26 MP: 3/3
  1073 | D:2      | Noticed Terence
  1084 | D:2      | Killed Terence
  1084 | D:2      | Reached XP level 4. HP: 25/31 MP: 4/4
  1233 | D:2      | Found an ornate altar of the Wu Jian Council.
  1326 | D:2      | Found a shattered altar of Ashenzari.
  1359 | D:2      | Found an iron altar of Okawaru.
  1381 | D:2      | Found a white marble altar of Elyvilon.
  1413 | D:2      | Found a sparkling altar of Nemelex Xobeh.
  1556 | D:2      | Found a deep blue altar of Sif Muna.
  1667 | D:3      | Found a glowing drain.
  1668 | D:3      | Noticed Robin
  1681 | D:3      | Killed Robin
  1681 | D:3      | Reached skill level 5 in Long Blades
  1681 | D:3      | Reached XP level 5. HP: 33/36 MP: 5/5
  1716 | Sewer    | Entered a sewer
  1955 | Sewer    | Noticed a big kobold
  1965 | Sewer    | Killed a big kobold
  1965 | Sewer    | Reached XP level 6. HP: 22/42 MP: 6/6
  2393 | D:3      | Found a bloodstained altar of Trog.
  2479 | D:4      | Found a hazy altar of Hepliaklqana.
  2712 | D:3      | Reached XP level 7. HP: 45/46 MP: 7/7
  2913 | D:3      | Found a sacrificial altar of Ru.
  3265 | D:3      | Reached skill level 5 in Dodging
  3284 | D:3      | Found a hide-covered altar of Uskayaw.
  3713 | D:4      | Found Ovudie's Assorted Antiques.
  3967 | D:4      | Bought an opal ring for 160 gold pieces
  4054 | D:4      | Found Foury's Gadget Shoppe.
  4134 | D:5      | Entered Level 5 of the Dungeon
  4691 | D:4      | Reached XP level 8. HP: 45/54 MP: 8/8
  4845 | D:4      | Slain by an ice beast

Levels and vault maps discovered:
D:1:      wander_arrival_lonely_grave, layout_basic
D:2:      layout_loops_ring, lemuel_coloured_pillars_altar, lemuel_doored_altar,
          overflow_temple_1_default, led_sif_pool, elyvilon_altar_4,
          nemelex_xobeh_ov_fountains_minmay, uniq_terence
D:3:      layout_rooms, nicolae_overflow_hidden_temple, marbit_many_paths,
          overflow_temple_1_default, cheibrodos_sewer_entry_drain,
          grunt_ministairs_3, hangedman_decor_points,
          hangedman_decor_diamond_cutter, uniq_robin
D:4:      kennysheep_big_flooded_room, layout_loops_ring, old_standard_altar,
          first_ration, serial_shops, shop, nicolae_shop_overgrown_old_shop,
          st_stairs_14, minmay_misc_feat_square, minmay_hedge_maze
D:5:      layout_loops_corners, nrook_campfire

Skill      XL: |  1  2  3  4  5  6  7 |
---------------+----------------------+-----
Long Blades    | 3 4 5 6 |  6.8
Dodging        | 4 6 |  6.1
Fighting       | 4 |  4.2
Shields        | |  3.0

Action                   |  1- 3 |  4- 6 |  7- 9 || total
-------------------------+-------+-------+-------++-------
Melee: Long sword        |    53 |    95 |    94 ||   242
       Constrict         |    18 |    25 |    19 ||    62
       Tentacles         |    11 |    17 |    21 ||    49
Evoke: Wand              |       |     2 |     3 ||     5
  Use: Potion            |     1 |       |       ||     1
       Scroll            |       |     8 |     4 ||    12
 Stab: Sleeping          |     7 |     5 |     1 ||    13
  Eat: Chunk             |     1 |     1 |     7 ||     9
       Ration            |       |     1 |       ||     1
Armor: Skin              |     1 |     4 |     6 ||    11
Dodge: Dodged            |    28 |    49 |    33 ||   110
Block: Shield            |    17 |    37 |    39 ||    93
       Rpst.: Long sword |     9 |    13 |     4 ||    26

Table legend:
 A = Non-vault XP
 B = Vault XP
 C = Vault XP percentage of total XP
 D = Non-vault monster count
 E = Vault monster count
 F = Vault count percentage of total count
                 A         B        C        D         E       F
            +---------+---------+-------+---------+---------+-------
      Total |     797 |     512 |  39.1 |      78 |      38 |  32.8
            +---------+---------+-------+---------+---------+-------
        D:1 |      35 |       0 |   0.0 |      18 |       0 |   0.0
        D:2 |      83 |      36 |  30.3 |      21 |       1 |   4.5
        D:3 |      55 |      52 |  48.6 |      14 |      16 |  53.3
        D:4 |     409 |      42 |   9.3 |      16 |       1 |   5.9
        D:5 |     215 |       0 |   0.0 |       9 |       0 |   0.0
      Sewer |       0 |     382 | 100.0 |       0 |      20 | 100.0
            +---------+---------+-------+---------+---------+-------
